 Dungeon Crawl Stone Soup version 0.30-a0-176-gdd20fb75b6 (webtiles) character file.

Game seed: 4002541005599710795

1662 Caerun the Ruffian (level 9, -18/66 HPs)
             Began as a Gnoll Transmuter on Oct 2, 2022.
             Was an Initiate of Ashenzari.
             Demolished by an ogre
             ... wielding a +0 giant club
              (21 damage)
             ... on level 5 of the Dungeon.
             The game lasted 00:15:28 (5947 turns).

Caerun the Ruffian (Gnoll Transmuter)               Turns: 5947, Time: 00:15:30

Health: -18/66     AC:  4    Str: 13    XL:     9   Next: 0%
Magic:  14/18      EV: 14    Int: 14    God:    Ashenzari [......]
Gold:   230        SH:  0    Dex: 12    Spells: 17/20 levels left

rFire   . . .      SeeInvis .      - Unarmed
rCold   . . .      Faith    .    (no shield)
rNeg    . . .      Spirit   .    j - +0 leather armour
rPois   .          Reflect  .    (helmet currently unavailable)
rElec   .          Harm     .    g - +0 cloak of Supernal Wisdom {Fort, Cun} (curse)
rCorr   .          Rampage  .    (no gloves)
Will    .....                    (boots currently unavailable)
Stlth   ++........               (no amulet)
HPRegen 0.31/turn                (no ring)
MPRegen 0.16/turn                (no ring)

@: appendages
A: horns 2, talons 2, fangs 1, strong nose, distributed training
a: End Transformation, Renounce Religion, Curse Item, Shatter the Chains


You were on level 5 of the Dungeon.
You worshipped Ashenzari.
Ashenzari was noncommittal.
You had temporarily grown beastly horns and talons.
You visited 1 branch of the dungeon, and saw 5 of its levels.
You also visited: Sewer.

You collected 280 gold pieces.
You spent 50 gold pieces at shops.

Inventory:

Missiles
 b - a throwing net
Armour
 g - the cursed +0 cloak of Supernal Wisdom (worn) {Fort, Cun}
   (You took it off Crazy Yiuf on level 2 of the Dungeon)

   It has a curse which improves the following skills: Fortitude: Armour and
   Shields.
   Cunning:   Dodging and Stealth.
 j - a +0 leather armour (worn)
 z - a +0 leather armour
Jewellery
 q - a ring of flight
Wands
 l - a wand of polymorph (8)
 n - a wand of mindburst (9)
Scrolls
 a - 3 scrolls of summoning
 c - a scroll of fear
 d - 11 scrolls of teleportation
 f - 2 scrolls of silence
 h - 4 scrolls of poison
 i - a scroll of noise
 m - a scroll of enchant armour
 p - a scroll of vulnerability {unknown}
 r - a scroll of fog {unknown}
 t - a scroll of magic mapping {unknown}
 v - a scroll of identify
 w - a scroll of amnesia {unknown}
 y - a scroll of torment {unknown}
Potions
 e - 4 potions of cancellation
 k - a potion of curing
 o - a potion of berserk rage {unknown}
 s - 4 potions of brilliance
 u - a potion of ambrosia {unknown}
 x - a potion of attraction {unknown}


   Skills:
 + Level 4.7 Fighting
 + Level 3.9 Short Blades
 + Level 3.9 Long Blades
 + Level 3.9 Axes
 + Level 3.9 Maces & Flails
 + Level 3.9 Polearms
 + Level 3.9 Staves
 + Level 3.9 Ranged Weapons
 + Level 3.9 Throwing
 + Level 3.9(4.3) Armour
 + Level 6.1(6.5) Dodging
 + Level 3.9(4.3) Stealth
 + Level 3.9(4.3) Shields
 + Level 7.7 Unarmed Combat
 + Level 6.4 Spellcasting
 + Level 3.2 Conjurations
 + Level 3.2 Hexes
 + Level 3.2 Summonings
 + Level 3.2 Necromancy
 + Level 3.2 Translocations
 + Level 5.0 Transmutations
 + Level 3.2 Fire Magic
 + Level 3.2 Ice Magic
 + Level 3.2 Air Magic
 + Level 3.2 Earth Magic
 + Level 3.2 Poison Magic
 + Level 4.3 Invocations
 + Level 3.9 Evocations


You had 17 spell levels left.
You knew the following spells:

 Your Spells              Type           Power      Damage    Failure   Level
a - Beastly Appendage     Tmut           36%        N/A       2%          1
b - Wereblood             Tmut           18%        N/A       3%          2

Your spell library contained the following spells:

 Spells                   Type           Power      Damage    Failure   Level
 Magic Dart               Conj           52%        1d5       4%          1
 Cigotuvi's Dreadful Rot  Necr/Pois/Air  26%        N/A       8%          2
 Searing Ray              Conj           26%        2d5       8%          2
 Spider Form              Tmut/Pois      16%        N/A       10%         3
 Ice Form                 Ice/Tmut       16%        N/A       32%         4
 Dispel Undead            Necr           13%        3d9       43%         4
 Fulminant Prism          Conj/Hex       6%         3d7       43%         4
 Death Channel            Necr           6%         N/A       100%        6


Dungeon Overview and Level Annotations

Branches:
Dungeon (5/15)              Sewer (visited)
 Temple: D:4-7

Altars:
Ashenzari
Yredelemnul

Shops:
D:2 *

Annotations:
D:5 1 transporter


Innate Abilities, Weirdness & Mutations

You have temporarily grown beastly horns and talons.
You have very sharp teeth.
Your uncanny sense of smell can sniff out nearby items.
Your experience applies equally to all skills.


Message History

The phantom is heavily damaged.
You howl as the wereblood boils in your veins!
The kobold brigand hits you with a +0 rapier!
* * * LOW HITPOINT WARNING * * *
The phantom barely misses you.
You feel better.
Your primal bloodlust has ended.
The kobold brigand hits you with a +0 rapier.
The phantom barely misses you.
You hit the phantom. You bite the phantom, but do no damage.
The phantom is severely damaged.
The kobold brigand hits you with a +0 rapier!
* * * LOW HITPOINT WARNING * * *
The phantom hits you.
* * * LOW HITPOINT WARNING * * *
Casting: Beastly Appendage (safe; 2% risk of failure)
Confirm with . or Enter, or press ? or * to list all spells.
Okay, then.
Aiming: Mindburst
Press: ? - help, Shift-Dir - straight line, f - phantom
Aim: a phantom (severely damaged, chance to affect: 63%)
The phantom's mind is blasted!
You blow up the phantom!
The kobold brigand hits you with a +0 rapier.
* * * LOW HITPOINT WARNING * * *
Aiming: Mindburst
Press: ? - help, Shift-Dir - straight line, f - kobold brigand
Aim: a kobold brigand, wielding a +0 rapier and quivering poisoned darts (almost dead, chance to affect: 78%)
The kobold brigand's mind is blasted!!
You blow up the kobold brigand!
You have reached level 9!
Your experience leads to an increase in your attributes!
Increase (S)trength, (I)ntelligence, or (D)exterity?
You feel stronger. x2
Aiming: Mindburst
Press: ? - help, Shift-Dir - straight line, f - ogre
Aim: an ogre, wielding a +0 giant club (chance to affect: 78%)
The ogre barely resists.
The ogre hits you with a +0 giant club!!
You die...

##....#########........
#....##8.....8##.......
#....#©........#..#'###
#....#.#.....#)#..#.#
#....#..#...#..#..#.#
###..#....©....#..#(#
#..#..#...#..#..#.#
##..#O#.....#.#..#.#
#...#@........#..#.###
#...##8.$$?.8##..#....
#....#########...#####
####
#........©..)...).....
...#
#.#.............######
##^#
#.<........+......#...
#.#
#####......######.#.#.
#.# #).....# #.#.#. #.#
######## #.#.#.


You could see an ogre.

Vanquished Creatures
  Eustachio (D:5)
  An ice beast (D:5)
  An ogre (D:4)
  3 black bears
  A centaur (D:5)
  A phantom (D:5)
  A kobold brigand (D:5)
  2 bullfrogs
  2 scorpions
  2 jellies
  A gnoll bouda (D:5)
  A hound (D:5)
  Crazy Yiuf (D:2)
  Jessica (D:2)
  2 iguanas (D:5)
  An orc wizard (D:5)
  A hound skeleton (D:2)
  9 gnolls
  2 river rats (Sewer)
  10 adders
  A shadow imp (D:5)
  A white imp (D:5)
  3 ufetubi
  An adder skeleton (D:2)
  2 worms (D:5)
  The ghost of anet the Covert, a weakling GnDe (D:5)
  7 dart slugs
  4 orcs
  10 ball pythons
  A bat zombie (D:2)
  5 endoplasms
  4 giant cockroaches
  5 goblins
  7 hobgoblins
  5 jackals
  A quokka (D:3)
  2 ball python skeletons (D:2)
  2 ball python zombies (D:2)
  10 bats
  11 frilled lizards
  A jackal zombie (D:2)
  11 kobolds
  15 rats
154 creatures vanquished.

Notes
Turn   | Place    | Note
-------+----------+-------------------------------------------
     0 | D:1      | Caerun the Gnoll Transmuter began the quest for the Orb.
     0 | D:1      | Reached XP level 1. HP: 17/17 MP: 6/6
   112 | D:1      | Reached XP level 2. HP: 22/23 MP: 7/7
   470 | D:1      | Reached skill level 5 in Spellcasting
   470 | D:1      | Reached XP level 3. HP: 25/28 MP: 7/9
   570 | D:1      | Found a faded altar of an unknown god.
   585 | D:1      | Prayed at the altar of an unknown god.
   585 | D:1      | Became a worshipper of Ashenzari the Shackled
   631 | D:1      | Reached skill level 1 in Invocations
   983 | D:2      | Found a basalt altar of Yredelemnul.
   990 | D:2      | Identified the -1 hat of Spring {rC- Str+7 Int+2}
  1078 | D:2      | Noticed Jessica
  1084 | D:2      | Killed Jessica
  1085 | D:2      | Reached skill level 1 in Short Blades
  1085 | D:2      | Reached skill level 1 in Long Blades
  1085 | D:2      | Reached skill level 1 in Axes
  1085 | D:2      | Reached skill level 1 in Maces & Flails
  1085 | D:2      | Reached skill level 1 in Polearms
  1085 | D:2      | Reached skill level 1 in Staves
  1085 | D:2      | Reached skill level 1 in Ranged Weapons
  1085 | D:2      | Reached skill level 1 in Throwing
  1085 | D:2      | Reached skill level 1 in Armour
  1085 | D:2      | Reached skill level 1 in Stealth
  1085 | D:2      | Reached skill level 1 in Shields
  1085 | D:2      | Reached skill level 1 in Evocations
  1085 | D:2      | Reached XP level 4. HP: 35/35 MP: 9/11
  1149 | D:2      | Found Gicionuh's General Store.
  1162 | D:2      | Reached skill level 1 in Conjurations
  1162 | D:2      | Reached skill level 1 in Hexes
  1162 | D:2      | Reached skill level 1 in Summonings
  1162 | D:2      | Reached skill level 1 in Necromancy
  1162 | D:2      | Reached skill level 1 in Translocations
  1162 | D:2      | Reached skill level 1 in Fire Magic
  1162 | D:2      | Reached skill level 1 in Ice Magic
  1162 | D:2      | Reached skill level 1 in Air Magic
  1162 | D:2      | Reached skill level 1 in Earth Magic
  1162 | D:2      | Reached skill level 1 in Poison Magic
  1164 | D:2      | Bought a potion of curing for 30 gold pieces
  1164 | D:2      | Bought a scroll of identify for 20 gold pieces
  1174 | D:2      | Learned a level 2 spell: Wereblood
  1621 | D:2      | Reached XP level 5. HP: 41/41 MP: 13/13
  1739 | D:2      | Found a runed translucent door.
  1740 | D:2      | Noticed Crazy Yiuf
  1899 | D:2      | Killed Crazy Yiuf
  2058 | D:3      | HP: 2/41 [gnoll/+0 club (8)]
  2074 | D:3      | Reached XP level 6. HP: 16/47 MP: 14/14
  2244 | D:3      | Reached skill level 5 in Dodging
  3084 | D:4      | Noticed a black bear
  3096 | D:4      | Killed a black bear
  3204 | D:4      | Reached skill level 7 in Unarmed Combat
  3204 | D:4      | Reached XP level 7. HP: 22/52 MP: 15/15
  3856 | D:5      | Entered Level 5 of the Dungeon
  3865 | D:5      | Found a glowing drain.
  3896 | Sewer    | Entered a sewer
  4142 | Sewer    | Identified the +2 ring mail of Onlu {rC- rN+ Slay+2}
  4653 | D:5      | Reached XP level 8. HP: 37/60 MP: 13/16
  4850 | D:5      | Found a transporter.
  4851 | D:5      | Found a transporter.
  4851 | D:5      | Noticed anet's ghost (weakling GnDe)
  5748 | D:5      | Noticed Eustachio
  5764 | D:5      | Killed Eustachio
  5932 | D:5      | Reached skill level 5 in Transmutations
  5938 | D:5      | Killed anet's ghost
  5945 | D:5      | HP: 2/61 [kobold brigand/+0 rapier (5)]
  5947 | D:5      | Reached XP level 9. HP: 2/66 MP: 13/18
  5947 | D:5      | Demolished by an ogre

Illustrated notes

Levels and vault maps discovered:
D:1:      dpeg_arrival_round_a, layout_basic, shapermc_ecumenical_altar_pompeii
D:2:      layout_loops_corners, serial_shops, shop, serial_undead,
          serial_undead_a, serial_undead_c, serial_undead_c, serial_undead_f,
          basic_altar, wander_ebering_terrifying_dragon_lair,
          uniq_crazy_yiuf_cottage, uniq_jessica
D:3:      layout_basic
D:4:      layout_loops_cross
D:5:      layout_basic, gammafunk_ghost_arena, cheibrodos_sewer_entry_drain,
          uniq_eustachio

Skill      XL: |  1  2  3  4  5  6  7  8 |
---------------+-------------------------+-----
Spellcasting   | 5 6 |  6.4
Invocations    | 1 2 3 4 |  4.3
Short Blades   | 1 2 3 |  3.9
Long Blades    | 1 2 3 |  3.9
Axes           | 1 2 3 |  3.9
Maces & Flails | 1 2 3 |  3.9
Polearms       | 1 2 3 |  3.9
Staves         | 1 2 3 |  3.9
Ranged Weapons | 1 2 3 |  3.9
Throwing       | 1 2 3 |  3.9
Armour         | 1 2 3 |  3.9
Stealth        | 1 2 3 |  3.9
Shields        | 1 2 3 |  3.9
Evocations     | 1 2 3 |  3.9
Conjurations   | 1 2 3 |  3.2
Hexes          | 1 2 3 |  3.2
Summonings     | 1 2 3 |  3.2
Necromancy     | 1 2 3 |  3.2
Translocations | 1 2 3 |  3.2
Fire Magic     | 1 2 3 |  3.2
Ice Magic      | 1 2 3 |  3.2
Air Magic      | 1 2 3 |  3.2
Earth Magic    | 1 2 3 |  3.2
Poison Magic   | 1 2 3 |  3.2
Fighting       | 3 4 |  4.7
Transmutations | 4 5 |  5.0
Dodging        | 5 6 |  6.1
Unarmed Combat | 7 |  7.7

Action                   |  1- 3 |  4- 6 |  7- 9 || total
-------------------------+-------+-------+-------++-------
Melee: Unarmed           |    75 |   199 |   231 ||   505
       Bite              |     5 |    21 |    21 ||    47
       Punch             |     2 |    10 |    13 ||    25
       Kick              |       |     2 |    20 ||    22
       Headbutt          |       |     2 |    11 ||    13
 Cast: Beastly Appendage |       |     3 |    10 ||    13
       Wereblood         |       |     1 |     7 ||     8
Invok: Curse Item        |     1 |     1 |       ||     2
       Shatter the Chain |       |     1 |       ||     1
Evoke: Wand              |       |     3 |     3 ||     6
  Use: Scroll            |       |     6 |     3 ||     9
       Potion            |       |     2 |     1 ||     3
 Stab: Sleeping          |     1 |     3 |     2 ||     6
Armor: Robe              |     4 |    21 |       ||    25
       Leather armour    |     7 |    15 |    36 ||    58
       Skin              |       |    13 |       ||    13
Dodge: Dodged            |    50 |   164 |   180 ||   394

Table legend: (Time is in decaauts)
 A = Elapsed time spent in this place.
 B = Non-inter-level travel time spent in this place.
 C = Inter-level travel time spent in this place.
 D = Time resting spent in this place.
 E = Time spent auto-exploring this place.
 F = Levels seen in this place.
 G = Mean time per level.
                   A        B        C        D        E       F      G
               +--------+--------+--------+--------+--------+-----+--------+
         Total |   5943 |   5843 |    100 |    594 |   3668 |   6 |  990.5 |
       Dungeon |   5255 |   5155 |    100 |    522 |   3322 |   5 | 1051.0 |
         Sewer |    687 |    687 |      0 |     72 |    346 |   1 |  687.0 |
               +--------+--------+--------+--------+--------+-----+--------+

Top non-repeatable levels by time:
     D:5: 1435 daAuts
     D:4: 1061 daAuts
     D:2: 1061 daAuts
     D:1: 947 daAuts
     D:3: 751 daAuts
   Sewer: 687 daAuts
